PAA
CHESAPEAKE CONTINENTALS @ LAKE MINNETONKA LOVE BOATS
09/05/2033
 
TOP OF THE 1ST
Chesapeake Continentals batting - Pitching for Lake Minnetonka Love Boats : RHP Dylan Telford
Pitching: RHP Dylan Telford
Batting: RHB Wes Griffith 0-0: Ball
1-0: Ball
2-0: Called Strike
2-1: Ball
3-1: Ground out 5-3 (Groundball, 5)
Batting: RHB Phil Oostermeer 0-0: Called Strike
0-1: Ground out 4-3 (Groundball, 4M)
Batting: RHB Santiago Valentín 0-0: Ball
1-0: Swinging Strike
1-1: Ball
2-1: Swinging Strike
2-2: Foul Ball, location: 2F
2-2: Ball
3-2: Foul Ball, location: 2F
3-2: Base on Balls
Batting: RHB Jim MacRach 0-0: Swinging Strike
0-1: Ball
1-1: Ball
2-1: Ball
3-1: Fly out, F9 (Flyball, 89D)
Top of the 1st over - 0 runs, 0 hits, 0 errors, 1 left on base; Chesapeake 0 - Lake Minnetonka 0
BOTTOM OF THE 1ST
Lake Minnetonka Love Boats batting - Pitching for Chesapeake Continentals : RHP Tsu-wee Qi
Pitching: RHP Tsu-wee Qi
Batting: LHB Tom Haymon 0-0: Foul Ball, location: 2F
0-1: Ball
1-1: Foul Ball, location: 2F
1-2: Ground out 4-3 (Groundball, 4)
Batting: RHB Michael Sweeney 0-0: Ball
1-0: Ball
2-0: Called Strike
2-1: Foul Ball, location: 2F
2-2: Foul Ball, location: 2F
2-2: SINGLE (Groundball, 56S) (infield hit)
Batting: RHB Mario van Heijbeeck 0-0: Foul Ball, location: 2F
0-1: Called Strike
Michael Sweeney is caught stealing 2nd base
0-2: SINGLE (Line Drive, 4MD)
Batting: LHB Juan Ramírez 0-0: Ball
1-0: Called Strike
Mario van Heijbeeck steals 2nd base
1-1: Ball
2-1: Ball
3-1: Called Strike
3-2: 2-RUN HOME RUN (Flyball, 78XD), Distance : 409 ft
Batting: RHB Ed St. James 0-0: Ball
1-0: Foul Ball, location: 2F
1-1: Ball
2-1: Ball
3-1: Called Strike
3-2: Base on Balls
Batting: LHB Matt Palmer 0-0: Ball
1-0: Ball
2-0: Called Strike
2-1: Ball
Ed St. James is caught stealing 2nd base
Bottom of the 1st over - 2 runs, 3 hits, 0 errors, 0 left on base; Chesapeake 0 - Lake Minnetonka 2
TOP OF THE 2ND
Chesapeake Continentals batting - Pitching for Lake Minnetonka Love Boats : RHP Dylan Telford
Batting: RHB Manuel Ángel 0-0: Ball
1-0: Foul Ball, location: 2F
1-1: Fly out, F8 (Flyball, 8LXD)
Batting: RHB Otton Dis 0-0: Ground out 6-3 (Groundball, 6)
Batting: SHB Brian Burt 0-0: Ball
1-0: Ball
2-0: Ball
3-0: Base on Balls
Batting: RHB Obi Jones 0-0: Called Strike
0-1: Swinging Strike
0-2: Fly out, F8 (Flyball, 8LXD)
Top of the 2nd over - 0 runs, 0 hits, 0 errors, 1 left on base; Chesapeake 0 - Lake Minnetonka 2
BOTTOM OF THE 2ND
Lake Minnetonka Love Boats batting - Pitching for Chesapeake Continentals : RHP Tsu-wee Qi
Batting: LHB Matt Palmer 0-0: Bunt for hit - play at first, batter OUT! 5-3
Batting: RHB Francisco Guerra 0-0: Foul Ball, location: 2F
0-1: Ball
1-1: Ball
2-1: Fly out, F9 (Flyball, 89M)
Batting: RHB Hatui Haunani 0-0: Fly out, F8 (Flyball, 8LS)
Bottom of the 2nd over - 0 runs, 0 hits, 0 errors, 0 left on base; Chesapeake 0 - Lake Minnetonka 2
TOP OF THE 3RD
Chesapeake Continentals batting - Pitching for Lake Minnetonka Love Boats : RHP Dylan Telford
Batting: RHB Yohann Serres 0-0: Called Strike
0-1: Swinging Strike
0-2: Ball
1-2: Strikes out swinging
Batting: RHB Wes Griffith 0-0: Called Strike
0-1: Ball
1-1: Swinging Strike
1-2: Ball
2-2: Fly out, F5 (Popup, 6S)
Batting: RHB Phil Oostermeer 0-0: Ball
1-0: Foul Ball, location: 2F
1-1: Foul Ball, location: 2F
1-2: Ball
2-2: Ball
3-2: Base on Balls
Batting: RHB Santiago Valentín 0-0: Called Strike
Throwing error on steal attempt, E2
Phil Oostermeer to third
0-1: Ball
1-1: Fly out, F9 (Flyball, 89D)
Top of the 3rd over - 0 runs, 0 hits, 1 error, 1 left on base; Chesapeake 0 - Lake Minnetonka 2
BOTTOM OF THE 3RD
Lake Minnetonka Love Boats batting - Pitching for Chesapeake Continentals : RHP Tsu-wee Qi
Batting: RHB Yoshii Saikawa 0-0: Ball
1-0: Foul Ball, location: 2F
1-1: Called Strike
1-2: Ball
2-2: Foul Ball, location: 2F
2-2: Strikes out swinging
Batting: LHB Tom Haymon 0-0: Ball
1-0: Ball
2-0: Ball
3-0: Called Strike
3-1: Base on Balls
Batting: RHB Michael Sweeney 0-0: Ball
1-0: Foul Ball, location: 2F
1-1: Ball
2-1: Foul Ball, location: 2F
2-2: Strikes out swinging
Batting: RHB Mario van Heijbeeck 0-0: Called Strike
0-1: Ball
1-1: Fly out, F8 (Flyball, 8RD)
Bottom of the 3rd over - 0 runs, 0 hits, 0 errors, 1 left on base; Chesapeake 0 - Lake Minnetonka 2
TOP OF THE 4TH
Chesapeake Continentals batting - Pitching for Lake Minnetonka Love Boats : RHP Dylan Telford
Batting: RHB Jim MacRach 0-0: Foul Ball, location: 2F
0-1: Ball
1-1: Called Strike
1-2: Ball
2-2: SINGLE (Line Drive, 4MD)
Batting: RHB Manuel Ángel 0-0: Ball
1-0: Foul Ball, location: 2F
1-1: Fly out, F8 (Flyball, 8RXD)
Batting: RHB Otton Dis 0-0: Swinging Strike
0-1: Hit by Pitch
Jim MacRach to second
Batting: SHB Brian Burt 0-0: Ball
1-0: Swinging Strike
1-1: Called Strike
1-2: Strikes out swinging
Batting: RHB Obi Jones 0-0: Ball
1-0: Fielders Choice at 2nd, 5-4 (Groundball, 56)
Top of the 4th over - 0 runs, 1 hit, 0 errors, 2 left on base; Chesapeake 0 - Lake Minnetonka 2
BOTTOM OF THE 4TH
Lake Minnetonka Love Boats batting - Pitching for Chesapeake Continentals : RHP Tsu-wee Qi
Batting: LHB Juan Ramírez 0-0: Ball
1-0: Ball
2-0: Ball
3-0: Called Strike
3-1: Called Strike
3-2: Base on Balls
Batting: RHB Ed St. James 0-0: Swinging Strike
0-1: Ball
1-1: Ball
2-1: SINGLE (Line Drive, 6MD)
Juan Ramírez to second
Batting: LHB Matt Palmer 0-0: Foul Ball, location: 2F
0-1: Ball
1-1: Grounds into double play, 4-6-3 (Groundball, 4)
Juan Ramírez to third
Batting: RHB Francisco Guerra 0-0: Ball
1-0: Ball
2-0: Swinging Strike
2-1: Ball
3-1: DOUBLE (Groundball, 5L)
Juan Ramírez scores
Batting: RHB Hatui Haunani 0-0: Foul Ball, location: 2F
0-1: Ball
1-1: SINGLE (Flyball, 9LS)
Francisco Guerra to third
Runner from 3rd tries for Home, SAFE, no throw
Batting: RHB Yoshii Saikawa 0-0: Ground out 6-3 (Groundball, 6M)
Bottom of the 4th over - 2 runs, 3 hits, 0 errors, 1 left on base; Chesapeake 0 - Lake Minnetonka 4
TOP OF THE 5TH
Chesapeake Continentals batting - Pitching for Lake Minnetonka Love Boats : RHP Dylan Telford
Batting: RHB Yohann Serres 0-0: Ball
1-0: SINGLE (Flyball, 9S)
Batting: RHB Wes Griffith 0-0: Foul Ball, location: 2F
0-1: Ball
1-1: Ball
2-1: Ball
3-1: Called Strike
3-2: Foul Ball, location: 2F
3-2: Foul Ball, location: 2F
3-2: Fly out, F5 (Popup, 5SF)
Batting: RHB Phil Oostermeer 0-0: Ball
1-0: 2-RUN HOME RUN (Flyball, 7D), Distance : 380 ft
Batting: RHB Santiago Valentín 0-0: Ball
1-0: Ball
2-0: Foul Ball, location: 2F
2-1: Ball
3-1: Fly out, F8 (Flyball, 8LM)
Batting: RHB Jim MacRach 0-0: Ball
1-0: Swinging Strike
1-1: Ball
2-1: Swinging Strike
2-2: Strikes out swinging
Top of the 5th over - 2 runs, 2 hits, 0 errors, 0 left on base; Chesapeake 2 - Lake Minnetonka 4
BOTTOM OF THE 5TH
Lake Minnetonka Love Boats batting - Pitching for Chesapeake Continentals : RHP Tsu-wee Qi
Batting: LHB Tom Haymon 0-0: Ball
1-0: Called Strike
1-1: Foul Ball, location: 2F
1-2: Foul Ball, location: 2F
1-2: Ground out 6-3 (Groundball, 6)
Batting: RHB Michael Sweeney 0-0: Fly out, F9 (Flyball, 89D)
Batting: RHB Mario van Heijbeeck 0-0: SINGLE (Groundball, 4S) (infield hit)
Batting: LHB Juan Ramírez 0-0: Called Strike
0-1: Called Strike
0-2: Foul Ball, location: 2F
0-2: Ball
1-2: Ball
2-2: Ground out 4-3 (Groundball, 4)
Bottom of the 5th over - 0 runs, 1 hit, 0 errors, 1 left on base; Chesapeake 2 - Lake Minnetonka 4
TOP OF THE 6TH
Chesapeake Continentals batting - Pitching for Lake Minnetonka Love Boats : RHP Dylan Telford
Batting: RHB Manuel Ángel 0-0: Ball
1-0: Foul Ball, location: 2F
1-1: Ball
2-1: SINGLE (Groundball, 4MD)
Batting: RHB Otton Dis 0-0: Fly out, F9 (Flyball, 89D)
Batting: SHB Brian Burt 0-0: Ball
1-0: Swinging Strike
1-1: Swinging Strike
1-2: Foul Ball, location: 2F
1-2: Grounds into double play, 6-4-3 (Groundball, 6)
Top of the 6th over - 0 runs, 1 hit, 0 errors, 0 left on base; Chesapeake 2 - Lake Minnetonka 4
BOTTOM OF THE 6TH
Lake Minnetonka Love Boats batting - Pitching for Chesapeake Continentals : RHP Tsu-wee Qi
Batting: RHB Ed St. James 0-0: Ball
1-0: Foul Ball, location: 2F
1-1: Fly out, F9 (Line Drive, 9)
Batting: LHB Matt Palmer 0-0: Ball
1-0: Foul Ball, location: 2F
1-1: Swinging Strike
1-2: TRIPLE (Line Drive, 89XD)
Batting: RHB Francisco Guerra 0-0: Ground out 4-3 (Groundball, 4MS)
Batting: RHB Hatui Haunani 0-0: Ball
1-0: Called Strike
1-1: Ground out 5-3 (Groundball, 56)
Bottom of the 6th over - 0 runs, 1 hit, 0 errors, 1 left on base; Chesapeake 2 - Lake Minnetonka 4
TOP OF THE 7TH
Chesapeake Continentals batting - Pitching for Lake Minnetonka Love Boats : RHP Dylan Telford
Batting: RHB Obi Jones 0-0: Called Strike
0-1: Ball
1-1: Ball
2-1: SINGLE (Groundball, 6D)
Batting: RHB Yohann Serres 0-0: Grounds into double play, 4-6-3 (Groundball, 4)
Batting: RHB Wes Griffith 0-0: Foul Ball, location: 2F
0-1: Ball
1-1: Swinging Strike
1-2: Ball
2-2: Foul Ball, location: 2F
2-2: Foul Ball, location: 2F
2-2: SINGLE (Groundball, 34D)
Batting: RHB Phil Oostermeer 0-0: Ball
Wes Griffith is caught stealing 2nd base
Top of the 7th over - 0 runs, 2 hits, 0 errors, 0 left on base; Chesapeake 2 - Lake Minnetonka 4
BOTTOM OF THE 7TH
Lake Minnetonka Love Boats batting - Pitching for Chesapeake Continentals : RHP Tsu-wee Qi
Pitching: LHP Raúl Romero
Batting: RHB Yoshii Saikawa 0-0: Foul Ball, location: 2F
0-1: Ball
1-1: Foul Ball, location: 2F
1-2: Ball
2-2: Ball
3-2: Ground out 4-3 (Groundball, 4)
Batting: LHB Tom Haymon 0-0: Foul Ball, location: 2F
0-1: Ball
1-1: Ball
2-1: Foul Ball, location: 2F
2-2: Foul Ball, location: 2F
2-2: SINGLE (Groundball, 34D)
Batting: RHB Michael Sweeney 0-0: Called Strike
Tom Haymon is caught stealing 2nd base
0-1: Ball
1-1: Ball
2-1: Ground out 6-3 (Groundball, 6)
Bottom of the 7th over - 0 runs, 1 hit, 0 errors, 0 left on base; Chesapeake 2 - Lake Minnetonka 4
TOP OF THE 8TH
Chesapeake Continentals batting - Pitching for Lake Minnetonka Love Boats : RHP Dylan Telford
Batting: RHB Phil Oostermeer 0-0: Ball
1-0: Ball
2-0: Ball
3-0: Called Strike
3-1: Base on Balls
Batting: RHB Santiago Valentín 0-0: Ball
1-0: Called Strike
1-1: Swinging Strike
1-2: Strikes out looking
Pitching: RHP Pancho Mastache
Batting: RHB Jim MacRach 0-0: Ball
1-0: Called Strike
1-1: Ball
2-1: Swinging Strike
2-2: Ball
3-2: Strikes out swinging
Batting: RHB Manuel Ángel 0-0: Ball
1-0: Fly out, F7 (Flyball, 7LS)
Top of the 8th over - 0 runs, 0 hits, 0 errors, 1 left on base; Chesapeake 2 - Lake Minnetonka 4
BOTTOM OF THE 8TH
Lake Minnetonka Love Boats batting - Pitching for Chesapeake Continentals : LHP Raúl Romero
Batting: RHB Mario van Heijbeeck 0-0: Ball
1-0: Ball
2-0: Swinging Strike
2-1: SINGLE (Flyball, 7LM)
Batting: LHB Juan Ramírez 0-0: Ball
1-0: Ball
2-0: Called Strike
2-1: Called Strike
2-2: Ball
3-2: Grounds into double play, 4-6-3 (Groundball, 4)
Batting: RHB Ed St. James 0-0: Called Strike
0-1: Ball
1-1: Foul Ball, location: 2F
1-2: Ball
2-2: Foul Ball, location: 2F
2-2: SINGLE (Flyball, 89S)
Batting: LHB Matt Palmer 0-0: Called Strike
0-1: Fielders Choice at 2nd, 6-4 (Groundball, 6)
Bottom of the 8th over - 0 runs, 2 hits, 0 errors, 1 left on base; Chesapeake 2 - Lake Minnetonka 4
TOP OF THE 9TH
Chesapeake Continentals batting - Pitching for Lake Minnetonka Love Boats : RHP Pancho Mastache
Pitching: RHP Harry Stogsdill
Batting: RHB Otton Dis 0-0: Ball
1-0: Called Strike
1-1: Swinging Strike
1-2: Strikes out swinging
Batting: SHB Brian Burt 0-0: Ball
1-0: Ball
2-0: Ball
3-0: Called Strike
3-1: Called Strike
3-2: Base on Balls
Batting: RHB Obi Jones 0-0: Called Strike
0-1: Ball
1-1: Foul Ball, location: 2F
1-2: Ball
2-2: Fly out, F4 (Popup, 4MD)
Pinch Hitting: LHB Raphaël Duval 0-0: Ball
1-0: Foul Ball, location: 2F
1-1: Ball
2-1: SINGLE (Flyball, 89S)
Brian Burt to second
Pinch Hitting: SHB Bernie Nutall 0-0: Ball
1-0: Ball
2-0: Fielders Choice at 2nd, 6-4 (Groundball, 6D)
Top of the 9th over - 0 runs, 1 hit, 0 errors, 2 left on base; Chesapeake 2 - Lake Minnetonka 4
Saturday, December 22nd, 2018 - OOTP Baseball 18.8 Build 76